 Dungeon Crawl Stone Soup version 0.16-a0-4088-g7c8221e (webtiles) character file.

29 vatarom the Sneak (level 3, 0/18 HPs)
             Began as a Vine Stalker Assassin on Feb 23, 2015.
             Slain by Terence
             ... wielding a +4 short sword of freezing
              (8 damage)
             ... on level 2 of the Dungeon.
             The game lasted 00:02:09 (681 turns).

vatarom the Sneak (Vine Stalker Assassin)            Turns: 681, Time: 00:02:10

Health: 0/18       AC:  3    Str: 13    XL:     3   Next: 16%
Magic:  0/4        EV: 12    Int: 11    God:
Gold:   58         SH:  0    Dex: 16    Spells: 0 memorised, 2 levels left

rFire  . . .     SeeInvis .     a - +2 dagger
rCold  . . .     Clarity  .     c - +0 robe
rNeg   . . .     SustAb   .     (no shield)
rPois  .         Gourm    .     (no helmet)
rElec  .         Spirit   +     d - +0 cloak
rCorr  .         Warding  .     (no gloves)
rMut   .         Stasis   .     (no boots)
MR     .....                    (no amulet)
Stlth  +++.......               (no ring)
                                (no ring)

@: not resistant to hostile enchantments, fairly stealthy
A: fangs 2, regeneration 1, magic shield, antimagic bite, no device heal 3, rot
immunity
a: no special abilities


You were on level 2 of the Dungeon.
You were not hungry.

You visited 1 branch of the dungeon, and saw 2 of its levels.

You collected 58 gold pieces.

Inventory:

Hand weapons
 a - a +2 dagger (weapon)
 b - a +0 blowgun
Missiles
 e - 8 poisoned needles
 f - 2 curare-tipped needles
 i - 5 needles of confusion
Armour
 c - a +0 robe (worn)
 d - a +0 cloak (worn)
Scrolls
 h - 5 scrolls of identify
Comestibles
 g - a bread ration
 j - a meat ration


   Skills:
 - Level 1.7 Fighting
 - Level 1.7 Short Blades
 - Level 1.7 Throwing
 + Level 1.1 Dodging
 - Level 6.0 Stealth


You had 2 spell levels left.
You didn't know any spells.

Dungeon Overview and Level Annotations

Branches:
Dungeon (2/15)

Altars:

Annotations:
D:2 Sigmund, Terence


Innate Abilities, Weirdness & Mutations

You have extremely sharp teeth.
Your natural rate of healing is unusually fast.
When hurt, damage is shared between your health and your magic reserves.
Your bite disrupts and absorbs the magic of your enemies.
Potions and wands cannot restore your health.
You are immune to rotting.


Message History

Wield which item (- for none, * to show all)? (? for menu, Esc to quit)
Okay, then.
Terence shouts, "ATTACK!!!"
You barely miss Terence. You bite Terence, but do no damage.
Terence hits you but does no damage.
You closely miss Terence. You bite Terence, but do no damage.
Terence hits you with a short sword of freezing.
Terence freezes you.
You hit Terence but do no damage. You bite Terence, but do no damage.
Terence hits you with a short sword of freezing!
Terence freezes you.
You barely miss Terence. Your bite misses Terence.
Terence hits you but does no damage.
You aren't carrying any potions.
Unknown command.
Read which item? (? for menu, Esc to quit)
Okay, then.
Terence says, "Don't bother to defend, it's useless."
Terence hits you with a short sword of freezing!
You die...

.......#<#.....# #.. ##
......#....# ####.. .
...........## ..##....
#####....#### ##....##.#
#.......# #...#.# ...
###.###...###..##.# ##. ...
##...## #.##...##.# #..
....#....@###....#..#.###.#
.....#..†..@.......<........
...........######...........
.....#.....#####............
............................
....##.....#####............
.. ##...## #............
##### #............
#............ ##.....†.....


You could see Terence.

Vanquished Creatures
  2 giant geckos (D:2)
  A hobgoblin (D:1)
  4 jackals (D:1)
  A ball python (D:1)
  3 bats (D:1)
  A giant cockroach (D:2)
  4 giant newts (D:1)
  5 goblins (D:1)
  5 kobolds (D:1)
  2 rats (D:1)
28 creatures vanquished.

Notes
Turn   | Place    | Note
--------------------------------------------------------------
     0 | D:1      | vatarom, the Vine Stalker Assassin, began the quest for the Orb.
     0 | D:1      | Reached XP level 1. HP: 11/11 MP: 1/1
    53 | D:1      | Reached skill level 5 in Stealth
   119 | D:1      | Reached XP level 2. HP: 5/15 MP: 0/3
   346 | D:1      | Reached skill level 6 in Stealth
   390 | D:1      | Reached XP level 3. HP: 18/18 MP: 4/4
   428 | D:1      | Reached skill level 1 in Dodging
   586 | D:2      | Noticed Sigmund
   665 | D:2      | Noticed Terence
   681 | D:2      | Slain by Terence

Action                   || total
-------------------------++-------
Melee: Dagger            ||    80
 Fire: Blowgun           ||     2
  Use: Scroll            ||     3
       Potion            ||     2
 Stab: Sleeping          ||     4
